 Dungeon Crawl Stone Soup version 0.17-a0-1906-g6d5812e (webtiles) character file.

38877 iTypedThis the Carver (level 14, -4/113 HPs)
             Began as a Formicid Fighter on Sept 23, 2015.
             Was a High Priest of Ashenzari.
             Slain by a very large slime creature (41 damage)
             ... on level 14 of the Dungeon on Sept 24, 2015.
             The game lasted 01:53:26 (21692 turns).

iTypedThis the Carver (Formicid Fighter)           Turns: 21692, Time: 01:53:26

Health: -4/113     AC: 19    Str: 22    XL:     14   Next: 36%
Magic:  19/19      EV: 21    Int:  8    God:    Ashenzari [*****.]
Gold:   822        SH: 14    Dex: 19    Spells: 1 memorised, 10 levels left

rFire  + . .     SeeInvis +     U - +9 scimitar (flame)
rCold  . . .     Clarity  +     n - +3 chain mail "Kavev" {rF+} (curse)
rNeg   . . .     SustAt   .     c - +1 shield (curse)
rPois  +         Gourm    .     (helmet unavailable)
rElec  .         Spirit   .     F - +2 cloak
rCorr  .         Warding  .     Q - +0 pair of gloves
rMut   .         Stasis   +     (no boots)
MR     ++...                    (no amulet)
Stlth  +.........               X - ring of protection from magic
                                p - ring of poison resistance

@: agile, very resistant to hostile enchantments, very unstealthy
A: permanent stasis, dig shafts and tunnels, four strong arms, antennae 3
a: Dig, Shaft Self, Scrying, Transfer Knowledge, Renounce Religion


You were on level 14 of the Dungeon.
You worshipped Ashenzari.
Ashenzari was extremely pleased with you.
You were near starving.

You visited 6 branches of the dungeon, and saw 23 of its levels.

You collected 1466 gold pieces.
You spent 625 gold pieces at shops.
You donated 19 gold pieces to Zin.

Inventory:

Hand weapons
 v - a +0 hunting sling
 B - a +0 long sword of protection
 U - a +9 scimitar of flaming (weapon)
Missiles
 w - 128 stones (quivered)
Armour
 c - a cursed +1 shield (worn)
 n - the cursed +3 chain mail "Kavev" (worn) {rF+}
   (You found it on level 6 of the Dungeon)

   It protects you from fire.
   It has a curse placed upon it.
 F - a +2 cloak (worn)
 Q - a +0 pair of gloves (worn)
Rods
 q - a +0 rod of destruction (9/9)
   (You found it on level 3 of the Dungeon)
Jewellery
 j - an uncursed ring of wizardry
 p - a ring of poison resistance (left hand)
 y - a +3 ring of dexterity
 z - an uncursed ring of wizardry
 S - an uncursed ring of protection from cold
 X - a ring of protection from magic (right hand)
Magical devices
 a - a wand of draining (7)
 x - a wand of lightning (15)
 C - a wand of cold (7)
 E - a wand of fire (8)
 I - a wand of enslavement (15)
 P - a wand of digging (0)
 Z - a wand of paralysis (14)
Scrolls
 b - 2 scrolls of curse jewellery
 f - 3 scrolls of enchant armour
 l - 9 scrolls of identify
 t - 7 scrolls of remove curse
 u - 2 scrolls of magic mapping
 K - 2 scrolls of recharging
 N - 2 scrolls of amnesia
 Y - 4 scrolls of fear
Potions
 d - 2 potions of might
 h - a potion of poison {unknown}
 o - a potion of invisibility
 r - a potion of flight {unknown}
 A - a potion of curing
 D - a potion of magic {unknown}
 G - 2 potions of agility
 H - a potion of cancellation {unknown}
 J - a potion of resistance {unknown}
 L - 2 potions of heal wounds
 M - 4 potions of lignification {unknown}
 O - a potion of mutation {unknown}
 R - a potion of brilliance {unknown}
 V - 2 potions of berserk rage {unknown}
Miscellaneous
 s - a fan of gales
 T - a legendary deck of changes
Comestibles
 e - 8 bread rations
 g - 8 slices of pizza
 i - 17 fruits
 k - 6 meat rations


   Skills:
 - Level 11.6 Fighting
 - Level 12.2 Long Blades
 - Level 10.1 Armour
 - Level 11.7 Dodging
 - Level 4.4 Stealth
 - Level 9.0(11.6) Shields
 * Level 6.8 Evocations


You had 10 spell levels left.
You knew the following spells:

 Your Spells              Type           Power        Failure   Level  Hunger
a - Summon Guardian Gole  Hex/Summ       #.......     100%        3    ####...


Dungeon Overview and Level Annotations

Branches:
Dungeon (14/15)            Temple (1/1) D:4            Lair (4/8) D:10
 Shoals (1/4) Lair:4       Spider (1/4) Lair:3          Orc (2/4) D:9
 Vaults: D:13-14

Altars:
Ashenzari
Cheibriados
Dithmenos
Elyvilon
Fedhas
Gozag
Kikubaaqudgha
Makhleb
Nemelex Xobeh
Okawaru
Qazlal
Ru
Sif Muna
Trog
Vehumet
Xom
Yredelemnul
Zin
The Shining One
Beogh

Shops:
D:4 [   D:9 *   D:12 ?   D:13 (   D:14 (

Annotations:
D:9 exclusion: oklob plant
D:11 Grum, Urug
Lair:4 Josephine, Maud
Orc:2 Rupert


Innate Abilities, Weirdness & Mutations

You are under a permanent stasis effect.
You can dig through walls and to a lower floor.
Your four strong arms can wield two-handed weapons with a shield.
You have a pair of large antennae on your head (SInv).


Message History

You extend your mandibles.
You dig through the rock wall.
Use which ability?
Okay, then.
Use which ability?
Okay, then.
Drink which item? (? for menu, Esc to quit)
You feel much better.
Two slime creatures merge to form a very large slime creature.
Drink which item? (? for menu, Esc to quit)
You feel agile all of a sudden.
The very large slime creature hits you but does no damage.
Drink which item? (? for menu, Esc to quit)
Okay, then.
You retract your mandibles.
You slash the very large slime creature!
You burn the very large slime creature.
The very large slime creature is severely wounded.
The very large slime creature hits you!!!
You die...

####..........#
#.J........##
#...........#
#.%.........#
#..{........#
#......._...#
######......#
##JC....#
#@###...# ###
####


You could see a very large slime creature and a hill giant.

Vanquished Creatures
  Snorg (D:13)
  Erolcha (D:11)
  2 hydras
  Erica (D:7)
  3 centaur warriors (D:13)
  Sonja (Lair:4)
  3 hill giants
  2 ugly things
  3 manticores
  A hornet (Spider:1)
  2 griffons (Shoals:1)
  Maurice (D:8)
  2 sirens (Lair:4)
  3 elephants
  2 black mambas
  3 spiny frogs
  3 komodo dragons
  A two-headed ogre (D:10)
  2 merfolk (Lair:4)
  2 polar bears (Lair:3)
  A troll (Orc:1)
  A jumping spider (Lair:3)
  Grinder (D:5)
  2 slime creatures (D:14)
  4 wraiths (Lair:4)
  2 deep elf magi
  Sigmund (D:3)
  A wyvern (D:12)
  51 yaks
  A steam dragon (D:13)
  A wolf (D:11)
  A hippogriff (Lair:2)
  A mottled dragon (D:13)
  5 spiders (Spider:1)
  13 orc warriors
  5 water moccasins
  2 wasps
  4 porcupines
  4 black bears
  4 ogres
  2 sky beasts
  3 phantoms
  8 centaurs
  2 ice beasts
  An eye of draining (D:13)
  3 crocodiles
  A brain worm (D:13)
  9 giant frogs
  5 big kobolds
  10 killer bees
  A scorpion (D:12)
  A vampire bat (D:3)
  3 wights (D:8)
  4 crimson imps
  A wasp zombie (D:8)
  A giant frog zombie (D:13)
  7 hounds
  2 quasits
  14 orc priests
  8 jellies
  7 iguanas
  Terence (D:2)
  4 centaur skeletons
  34 orc wizards
  10 worker ants
  7 sheep
  A killer bee zombie (D:11)
  A hound zombie (D:5)
  A hound skeleton (D:6)
  Robin (D:2)
  A worker ant zombie (D:6)
  12 adders
  10 river rats
  4 gnolls
  15 oozes
  An adder skeleton (D:8)
  4 giant geckos
  115 orcs
  A ball python (D:2)
  11 bats
  4 bat skeletons (D:3)
  2 bat zombies (D:3)
  7 giant cockroaches
  11 goblins
  6 hobgoblins
  12 jackals
  19 kobolds
  3 quokkas
  A giant gecko skeleton (D:7)
  5 giant newts
  2 quokka skeletons (D:4)
  A quokka zombie (D:8)
  12 rats
  A plant (D:10)
557 creatures vanquished.

Vanquished Creatures (others)
  An orc priest (Orc:2)
  14 fungi
  2 plants
17 creatures vanquished.

Grand Total: 574 creatures vanquished

Notes
Turn   | Place    | Note
--------------------------------------------------------------
     0 | D:1      | iTypedThis the Formicid Fighter began the quest for the Orb.
     0 | D:1      | Reached XP level 1. HP: 18/18 MP: 1/1
   150 | D:1      | Reached skill level 1 in Dodging
   257 | D:1      | Reached XP level 2. HP: 18/24 MP: 2/2
   389 | D:1      | Reached XP level 3. HP: 29/29 MP: 3/3
   572 | D:2      | Noticed Robin
   584 | D:2      | HP: 1/29 [Robin/goblin (2)]
  1042 | D:2      | Killed Robin
  1053 | D:1      | Upgraded the game from 0.17-a0-1882-g750edc8 to 0.17-a0-1887-g3e50df6
  1121 | D:2      | Reached XP level 4. HP: 21/35 MP: 4/4
  1128 | D:2      | Noticed Terence
  1141 | D:2      | Killed Terence
  1529 | D:2      | Found a basalt altar of Yredelemnul.
  1538 | D:2      | Reached XP level 5. HP: 37/42 MP: 5/5
  1908 | D:3      | HP: 2/42 [poisoned by a worker ant]
  1916 | D:3      | HP: 1/42 [poisoned by a worker ant]
  2204 | D:3      | Found a bloodstained altar of Trog.
  2268 | D:3      | Identified a +0 rod of destruction (9/9) (You found it on level 3 of the Dungeon)
  2291 | D:3      | Noticed Grinder
  2333 | D:2      | Reached skill level 4 in Fighting
  2607 | D:3      | Reached XP level 6. HP: 49/49 MP: 6/6
  2616 | D:3      | Found an ancient bone altar of Kikubaaqudgha.
  3348 | D:4      | Noticed Sigmund
  3360 | D:3      | Killed Sigmund
  3360 | D:3      | Reached skill level 5 in Fighting
  3360 | D:3      | Reached XP level 7. HP: 47/57 MP: 7/7
  3521 | D:3      | Reached skill level 6 in Fighting
  3834 | D:4      | Found an iron altar of Okawaru.
  3865 | D:4      | Found a staircase to the Ecumenical Temple.
  3875 | Temple   | Entered the Ecumenical Temple
  3892 | Temple   | Became a worshipper of Zin the Law-Giver
  3892 | Temple   | Acquired Zin's first power
  3961 | D:4      | Reached skill level 5 in Long Blades
  4187 | Temple   | Fell from the grace of Zin
  4187 | Temple   | Became a worshipper of Ashenzari the Shackled
  4290 | D:4      | Found Emuet's Antique Armour Emporium.
  4294 | D:4      | Bought a shiny chain mail for 144 gold pieces
  4326 | D:4      | Reached XP level 8. HP: 65/65 MP: 8/8
  4367 | D:5      | Entered Level 5 of the Dungeon
  4942 | D:5      | Reached skill level 5 in Armour
  5239 | D:5      | Killed Grinder
  5350 | D:5      | Acquired Ashenzari's first power
  6075 | D:6      | Found a glowing golden altar of the Shining One.
  6559 | D:6      | Identified the +3 chain mail "Kavev" {rF+}
  6805 | D:6      | Reached XP level 9. HP: 64/71 MP: 9/9
  6999 | D:6      | Reached skill level 5 in Dodging
  7142 | D:7      | Reached skill level 5 in Shields
  7383 | D:7      | Reached skill level 7 in Long Blades
  7458 | D:7      | Identified the +4 flail "Zecsod" {crush, Dex+2}
  7567 | D:7      | Found an opulent altar of Gozag.
  7845 | D:8      | Noticed Erica
  7945 | D:7      | You fall through a shaft for 2 floors!
  8145 | D:9      | Learned a level 3 spell: Summon Guardian Golem
  8149 | D:9      | Reached skill level 11 in Dodging
  8149 | D:9      | Reached XP level 10. HP: 68/77 MP: 10/10
  8165 | D:9      | Acquired Ashenzari's second power
  8249 | D:9      | Found a staircase to the Orcish Mines.
  8676 | D:8      | Noticed Maurice
  9543 | D:8      | Killed Maurice
  9543 | D:8      | Reached XP level 11. HP: 48/84 MP: 11/11
  9806 | D:9      | Found Liriru's General Store.
  9822 | D:9      | Bought a potion of might for 48 gold pieces
  9822 | D:9      | Bought a scroll of enchant weapon for 90 gold pieces
  9822 | D:9      | Bought a +0 long sword of protection for 74 gold pieces
  9822 | D:9      | Bought a potion of curing for 36 gold pieces
 10249 | D:9      | Noticed an oklob plant
 10437 | D:10     | Entered Level 10 of the Dungeon
 10501 | D:10     | Found a staircase to the Lair.
 10738 | D:10     | Reached skill level 1 in Evocations
 10971 | D:10     | Noticed a manticore
 11624 | Lair:1   | Entered Level 1 of the Lair of Beasts
 11792 | D:10     | You fall through a shaft for 2 floors!
 11954 | D:11     | Identified the +1 leather armour "Umero" {rElec Str+7}
 11957 | D:11     | Noticed Urug
 12098 | D:11     | Noticed a hill giant
 12207 | D:12     | Noticed a hill giant
 12352 | D:11     | Noticed Grum
 12358 | D:11     | Noticed Erolcha
 12480 | D:11     | Noticed a hill giant
 13059 | Lair:1   | Acquired Ashenzari's third power
 13213 | Lair:1   | Reached XP level 12. HP: 66/96 MP: 14/14
 14017 | Lair:1   | Reached skill level 10 in Long Blades
 14561 | Lair:2   | Identified the +1 robe of Ihavum {+Fly rN+++ Dex-4 Slay+3}
 15251 | Lair:3   | Acquired Ashenzari's fourth power
 15798 | Lair:3   | Found a hole to the Spider Nest.
 15879 | Spider:1 | Entered Level 1 of the Spider Nest
 16005 | Spider:1 | Reached skill level 5 in Evocations
 16087 | Spider:1 | HP: 4/96 [poisoned by a hornet]
 16094 | Spider:1 | HP: 4/96 [poisoned by a hornet]
 16102 | Spider:1 | HP: 4/96 [poisoned by a hornet]
 16308 | Lair:3   | Noticed a six-headed hydra
 16644 | Lair:4   | Reached XP level 13. HP: 101/101 MP: 17/17
 16721 | Lair:4   | Found a staircase to the Shoals.
 16844 | Lair:4   | Noticed Sonja
 16911 | Lair:4   | Killed Sonja
 16933 | Shoals:1 | Entered Level 1 of the Shoals
 16989 | Shoals:1 | Acquired Ashenzari's fifth power
 17266 | D:7      | Killed Erica
 17448 | Lair:3   | Killed a two-headed hydra
 17529 | Lair:3   | Reached skill level 12 in Long Blades
 17574 | Lair:4   | Upgraded the game from 0.17-a0-1887-g3e50df6 to 0.17-a0-1906-g6d5812e
 17586 | Lair:4   | Found a bloodstained altar of Trog.
 17608 | Lair:4   | Noticed Josephine
 17735 | Lair:4   | Noticed Maud
 17920 | Orc:1    | Entered Level 1 of the Orcish Mines
 18146 | Orc:1    | Found a bloodstained altar of Trog.
 18381 | Orc:1    | Reached skill level 1 in Stealth
 18660 | Orc:2    | Found a roughly hewn altar of Beogh.
 18906 | Orc:2    | Noticed Rupert
 19014 | D:11     | Killed a hill giant
 19076 | D:11     | Killed Erolcha
 19076 | D:11     | Reached skill level 10 in Fighting
 19083 | D:11     | Noticed a cyan ugly thing
 19097 | D:11     | Killed a cyan ugly thing
 19107 | D:11     | Noticed a manticore
 19127 | D:11     | Killed a manticore
 19335 | D:11     | Noticed a manticore
 19395 | D:11     | Killed a manticore
 19782 | D:12     | Found Niteggeh's Magic Scroll Shoppe.
 19858 | D:12     | Bought a scroll of remove curse for 39 gold pieces
 19858 | D:12     | Bought a scroll of enchant weapon for 97 gold pieces
 19858 | D:12     | Bought a scroll of enchant weapon for 97 gold pieces
 19995 | D:12     | Noticed a hill giant
 20011 | D:12     | Killed a hill giant
 20097 | D:12     | Noticed a manticore
 20112 | D:12     | Killed a manticore
 20201 | D:12     | Noticed a cyan ugly thing
 20215 | D:12     | Killed a cyan ugly thing
 20447 | D:12     | Reached XP level 14. HP: 104/110 MP: 18/18
 20478 | D:12     | Noticed a three-headed hydra
 20483 | D:12     | Killed a one-headed hydra
 20510 | D:12     | Killed a hill giant
 20762 | D:13     | Reached skill level 10 in Armour
 20803 | D:13     | Found Plog's Weapon Shop.
 21023 | D:13     | Noticed Snorg
 21041 | D:13     | Killed Snorg
 21148 | D:13     | Identified the +1 robe of the Heavens {+Fly rF+}
 21343 | D:14     | Found Atezaun's Weapon Boutique.
 21656 | D:14     | HP: 4/113 [enormous slime creature (40)]
 21679 | D:14     | Found a white marble altar of Elyvilon.
 21692 | D:14     | Slain by a very large slime creature

Vault maps used:
D:1:      minmay_arrival_cross
D:2:      old_standard_altar, uniq_terence, uniq_robin
D:3:      overflow_temple_1_default, kennysheep_vampire_church, uniq_grinder
D:4:      lemuel_doored_altar, minmay_temple_entry_purple_smoke, serial_shops,
          kennysheep_mini, minmay_strange_pillars, hex_medium,
          kennysheep_windowed_goal, uniq_sigmund
D:5:      first_bread
D:6:      nicolae_tso_swordbearing_angel
D:7:      grunt_gozag_breadcrumbs, serial_shops, shop, water_maze_lemuel
D:8:      uniq_erica, uniq_maurice
D:9:      lemuel_slime, david_orc_3, serial_shops, shop
D:10:     due_lair_maze_entry_diamond, special_room
D:11:     grunt_ministairs_1, uniq_urug, uniq_erolcha, uniq_grum
D:12:     serial_shops, kennysheep_mini_moat, hangedman_ranch, nrook_uturn
D:13:     grunt_vaults_entry_fortified, serial_shops, shop, uniq_snorg
D:14:     moated_statue, serial_shops, bzr_entry_dummy, shop, shop, basic_altar
Temple:   nicolae_temple_god_jail
Lair:1:   hibernation_bobbens, bh_autumn_forest_stairs, serial_bayou_shore_b
Lair:2:   minivault_11, grunt_megastairs_2
Lair:3:   spider_nest_entry_rubble, lemuel_fruit_fields
Lair:4:   elwin_shoals_entry_stream, basic_altar, nicolae_quartered_pool_little,
          uniq_josephine, uniq_maud, uniq_sonja
Shoals:1: uniq_aizul
Orc:1:    bloody_trog
Orc:2:    basic_altar, uniq_rupert

Action                   |  1- 3 |  4- 6 |  7- 9 | 10-12 | 13-15 || total
-------------------------+-------+-------+-------+-------+-------++-------
Melee: Long sword        |   109 |   167 |   640 |  1514 |   181 ||  2611
       Scimitar          |       |       |       |       |   651 ||   651
 Fire: Hunting sling     |       |     6 |       |       |       ||     6
Invok: Scrying           |       |       |       |     1 |       ||     1
       Transfer Knowledg |       |       |       |       |     1 ||     1
 Abil: Dig               |     1 |     2 |    13 |    32 |    19 ||    67
       Shaft Self        |       |       |     1 |     1 |       ||     2
  Use: Potion            |     1 |       |     2 |     1 |     6 ||    10
       Scroll            |       |       |     7 |    17 |     9 ||    33
  Eat: Chunk             |       |     7 |    12 |    22 |    12 ||    53
       Fruit             |       |       |     5 |       |     1 ||     6
       Royal jelly       |       |       |     1 |       |       ||     1
       Bread ration      |       |       |       |     2 |       ||     2
       Beef jerky        |       |       |       |     1 |       ||     1
       Pizza             |       |       |       |     1 |       ||     1
       Meat ration       |       |       |       |       |     1 ||     1
